 Dungeon Crawl Stone Soup version 0.19-a0-682-g708bd0e (webtiles) character file.

119 AlphabetPasta the Chopper (level 5, 0/42 HPs)
             Began as a Formicid Chaos Knight on June 17, 2016.
             Succumbed to a kobold's poison
             ... on level 2 of the Dungeon.
             The game lasted 00:08:56 (1761 turns).

AlphabetPasta the Chopper (Formicid Chaos Knight)   Turns: 1761, Time: 00:08:57

Health: 0/42       AC:  5    Str: 17      XL:     5   Next: 23%
Magic:  5/5        EV: 11    Int: 10 (12) God:    Xom [..*...]
Gold:   180        SH:  0    Dex:  8 (10) Spells: 1 memorised, 2 levels left

rFire  . . .     SeeInvis +     a - +0 hand axe (chaos)
rCold  . . .     Gourm    .     b - +2 leather armour
rNeg   . . .     Faith    .     (no shield)
rPois  .         Spirit   .     (helmet unavailable)
rElec  .         Dismiss  .     (no cloak)
rCorr  .         Reflect  .     (no gloves)
SustAt +         Harm     .     (no boots)
MR     .....                    (no amulet)
Stlth  +.........               (no ring)
                                m - ring of sustain attributes

@: lethally poisoned (0 -> -1), not resistant to hostile enchantments, very
unstealthy
A: permanent stasis, dig shafts and tunnels, four strong arms, antennae 3
a: Dig, Shaft Self, Renounce Religion


You were on level 2 of the Dungeon.
You worshipped Xom.
You were a toy of Xom.
You were not hungry.

You visited 1 branch of the dungeon, and saw 2 of its levels.

You collected 180 gold pieces.

Inventory:

Hand Weapons
 a - a +0 hand axe of chaos (weapon)
 h - a +0 hand axe
Missiles
 d - a javelin (quivered)
Armour
 b - a +2 leather armour (worn)
Jewellery
 m - a ring of sustain attributes (left hand)
Scrolls
 e - a scroll of blinking {unknown}
 f - 2 scrolls of amnesia {unknown}
 g - 5 scrolls of remove curse {unknown}
 i - a scroll of enchant weapon {unknown}
 j - 6 scrolls of identify {unknown}
 k - a scroll of magic mapping {unknown}
 l - 2 scrolls of noise {unknown}
 n - a scroll of recharging {unknown}
 o - a scroll of immolation {unknown}
 q - a scroll of enchant armour {unknown}
Comestibles
 c - 2 bread rations
 p - 6 chunks of flesh


   Skills:
 + Level 3.8 Fighting
 * Level 4.1 Axes
 + Level 3.1 Armour
 + Level 1.9 Dodging
 + Level 0.4 Charms


You had 2 spell levels left.
You knew the following spells:

 Your Spells              Type           Power        Failure   Level  Hunger
a - Repel Missiles        Chrm/Air       #.....       71%         2    ###....


Dungeon Overview and Level Annotations

Branches:
Dungeon (2/15)

Altars:


Innate Abilities, Weirdness & Mutations

You are under a permanent stasis effect.
You can dig through walls and to a lower floor.
Your four strong arms can wield two-handed weapons with a shield.
You have a pair of large antennae on your head. (SInv)


Message History

* * * LOW HITPOINT WARNING * * *
You feel sick.
A bat comes into view.
* * * LOW HITPOINT WARNING * * *
You feel sick. The bat closely misses you.
You miss the bat. The bat hits you but does no damage.
* * * LOW HITPOINT WARNING * * *
You feel sick.
You closely miss the bat. The bat hits you but does no damage.
You hit the bat but do no damage.
* * * LOW HITPOINT WARNING * * *
You feel sick. The bat hits you but does no damage.
* * * LOW HITPOINT WARNING * * *
You feel sick. The bat barely misses you.
You hit the bat. You freeze the bat.
You kill the bat!
* * * LOW HITPOINT WARNING * * *
You feel sick.
You die...
Xom chortles!

### ..# #.# #.# #@#
#.# #.#
######.###### .
#.....#.....# ...
#.####.####.#
.##..#.####.#
########
............##
........
###.######..)#######
#####..


There were no monsters in sight!

Vanquished Creatures
  4 gnolls (D:2)
  3 adders (D:2)
  A dart slug (D:2)
  3 giant geckos
  6 bats
  A giant cockroach (D:1)
  7 hobgoblins
  4 jackals (D:2)
  7 kobolds
  4 giant newts (D:1)
  4 goblins
  4 rats
48 creatures vanquished.

Notes
Turn   | Place    | Note
--------------------------------------------------------------
     0 | D:1      | AlphabetPasta the Formicid Chaos Knight began the quest for the Orb.
     0 | D:1      | Reached XP level 1. HP: 18/18 MP: 1/1
    19 | D:1      | XOM: silly message
    49 | D:1      | Reached skill level 1 in Dodging
    49 | D:1      | Reached XP level 2. HP: 21/24 MP: 2/2
    58 | D:1      | XOM: harmless Fire miscast
   481 | D:1      | XOM: god gift: 51 gold pieces
   715 | D:2      | XOM: noise
   732 | D:2      | Reached XP level 3. HP: 19/29 MP: 3/3
  1049 | D:2      | XOM: blink monster(s)
  1052 | D:2      | Reached XP level 4. HP: 28/35 MP: 4/4
  1201 | D:2      | XOM: enchant monster (bad)
  1203 | D:2      | Reached skill level 4 in Axes
  1213 | D:2      | XOM: noise
  1327 | D:2      | XOM: harmless Fire miscast
  1650 | D:2      | Reached XP level 5. HP: 42/42 MP: 5/5
  1714 | D:2      | Learned a level 2 spell: Repel Missiles
  1722 | D:2      | XOM: silly message
  1752 | D:2      | HP: 2/42 [poisoned by a kobold]
  1757 | D:2      | HP: 1/42 [poisoned by a kobold]
  1761 | D:2      | Succumbed to a kobold's poison

Vault maps used:
D:1:      minmay_arrival_semitransparent

Skill      XL: |  1  2  3  4 |
---------------+-------------+-----
Dodging        | 1 |  1.9
Axes           | 4 |  4.1
Armour         | 3 |  3.1
Fighting       | |  3.8
Charms         | |  0.4

Action                   |  1- 3 |  4- 6 || total
-------------------------+-------+-------++-------
Melee: Hand axe          |    81 |    68 ||   149
Throw: Javelin           |     8 |     3 ||    11
  Use: Potion            |     4 |       ||     4
  Eat: Chunk             |     1 |     2 ||     3
Armor: Leather armour    |    21 |    25 ||    46
Dodge: Dodged            |    50 |    38 ||    88
